 Dungeon Crawl Stone Soup version 0.22-a0-587-g7d32d7c (webtiles) character file.

1234 Hebeh the Covered (level 8, -3/70 HPs)
             Began as a Minotaur Fighter on July 4, 2018.
             Was a Follower of Trog.
             Killed by divine providence
             ... invoked by an orc priest
              (13 damage)
             ... on level 6 of the Dungeon.
             The game lasted 00:21:52 (5192 turns).

Hebeh the Covered (Minotaur Fighter)                Turns: 5192, Time: 00:21:55

Health: -3/70      AC:  7    Str: 23    XL:     8   Next: 24%
Magic:  0/7        EV:  9    Int:  5    God:    Trog [*.....]
Gold:   177        SH: 10    Dex: 10    Spells: 7/7 levels left

rFire    x . .     SeeInvis .   a - +1 flail (drain)
rCold    + . .     Gourm    .   c - +0 shield
rNeg     . . .     Faith    .   g - +0 acid dragon scales (curse)
rPois    .         Spirit   +   (helmet restricted)
rElec    .         Reflect  .   m - scarf {Spirit}
rCorr    +         Harm     +   (no gloves)
MR       .....                  (no boots)
Stlth    +.........             y - amulet of harm
HPRegen  0.21/turn              r - ring of ice
MPRegen  0.10/turn              (no ring)

@: no status effects
A: retaliatory headbutt, horns 2
a: Berserk, Renounce Religion


You were on level 6 of the Dungeon.
You worshipped Trog.
Trog was aware of your devotion.
You were not hungry.

You visited 2 branches of the dungeon, and saw 7 of its levels.

You collected 177 gold pieces.

Inventory:

Hand Weapons
 a - a +1 flail of draining (weapon)
 b - a +2 hunting sling of freezing
 u - a +0 war axe
 z - a +2 mace of holy wrath
Missiles
 e - 21 sling bullets
 o - 141 stones (quivered)
Armour
 c - a +0 shield (worn)
 g - cursed +0 acid dragon scales (worn)
 m - a scarf of spirit shield (worn)
Jewellery
 r - a ring of ice (left hand)
 y - an amulet of harm (around neck)
Wands
 j - a wand of disintegration (32)
 w - a wand of clouds (8)
 A - a wand of acid (9)
Scrolls
 h - a scroll of fog
 k - 2 scrolls of magic mapping {unknown}
 q - a scroll of blinking {unknown}
 t - 4 scrolls of teleportation
 v - 2 scrolls of remove curse
Potions
 d - 2 potions of might
 i - a potion of invisibility
 l - 2 potions of degeneration {unknown}
 n - a potion of heal wounds
 p - 2 potions of flight
 s - 5 potions of berserk rage
Comestibles
 f - 9 rations
 x - 5 chunks of flesh


   Skills:
 + Level 6.0 Fighting
 - Level 4.5(5.9) Axes
 * Level 5.7(6.5) Maces & Flails
 + Level 3.5 Slings
 + Level 6.1 Armour
 + Level 6.0 Shields


You had 7 spell levels left.
You didn't know any spells.
Your spell library was empty.

Dungeon Overview and Level Annotations

Branches:
Dungeon (6/15)             Temple (1/1) D:4

Altars:
Ashenzari
Dithmenos
Fedhas
Kikubaaqudgha
Makhleb
Okawaru
Qazlal
Ru
Sif Muna
Trog
Uskayaw
Xom
Zin
The Shining One

Shops:
D:6 !


Innate Abilities, Weirdness & Mutations

You reflexively headbutt those who attack you in melee.
You have a pair of horns on your head.


Message History

You sock the leopard gecko!
You kill the leopard gecko!
Trog accepts your kill. You block the centaur's attack.
You block the centaur's attack. The centaur closely misses you.
You furiously retaliate!
You headbutt the centaur.
The orc priest mumbles some strange prayers to Beogh against you.
You struggle to resist.
You see here a leopard gecko corpse.
You barely miss the centaur.
You headbutt the centaur, but do no damage.
The centaur is moderately wounded.
You block the centaur's attack. You block the orc priest's attack.
You thump the centaur! You drain the centaur!
You kill the centaur!
Trog accepts your kill.
Your Shields skill increases to level 6!
The orc priest calls down the wrath of Beogh upon you.
Beogh smites you!
You die...

#.# ### #.# ..# #.#
#)##########[####
...>............#
....###########.## ..(.#
#..# ..
..(.############.######....
..(.............@..........
..(##########...)o.........
...# ##.##(#######.# ...#
#. #.(# ...##### #. ##[#
......... #. #(# ..#######
#...))# ....... .........
############.#......#


You could see an orc priest.

Vanquished Creatures
  A water moccasin (D:5)
  An ice beast (D:5)
  2 centaurs (D:6)
  2 howler monkeys (D:5)
  A crimson imp (D:5)
  2 bullfrog zombies (D:5)
  A hound (D:6)
  Crazy Yiuf (D:2)
  An orc priest (D:4)
  Jessica (D:2)
  7 orc wizards
  2 worker ants (D:5)
  7 adders
  A river rat (D:3)
  A shadow imp (D:5)
  4 oozes
  An adder skeleton (D:5)
  3 dart slugs
  5 leopard geckos
  16 orcs
  A ball python (D:4)
  5 bats
  3 giant cockroaches
  8 goblins
  10 hobgoblins
  6 jackals
  6 kobolds
  A quokka (D:3)
  5 frilled lizards
  A jackal skeleton (D:4)
  11 rats
117 creatures vanquished.

Vanquished Creatures (others)
  Sigmund (D:4)
  An orc (D:6)
2 creatures vanquished.

Grand Total: 119 creatures vanquished

Notes
Turn   | Place    | Note
-------+----------+-------------------------------------------
     0 | D:1      | Hebeh the Minotaur Fighter began the quest for the Orb.
     0 | D:1      | Reached XP level 1. HP: 19/19 MP: 0/0
    50 | D:1      | Reached XP level 2. HP: 21/27 MP: 1/1
   596 | D:2      | Reached XP level 3. HP: 33/33 MP: 2/2
   698 | D:2      | Reached XP level 4. HP: 39/40 MP: 3/3
   725 | D:2      | Noticed Jessica
  1024 | D:2      | Found an iron altar of Okawaru.
  1111 | D:2      | Found a runed door.
  1160 | D:2      | Killed Jessica
  1466 | D:2      | Noticed Crazy Yiuf
  1471 | D:2      | Killed Crazy Yiuf
  1471 | D:2      | Reached XP level 5. HP: 22/47 MP: 4/4
  2148 | D:3      | You fall through a shaft!
  2148 | D:4      | Found a shadowy altar of Dithmenos.
  2148 | D:4      | Noticed Sigmund
  2156 | D:4      | Reached skill level 1 in Slings
  2168 | D:4      | HP: 2/47 [Sigmund/puff of flame (6)]
  2168 | D:4      | Killed Sigmund
  2168 | D:4      | Reached XP level 6. HP: 2/55 MP: 0/5
  2729 | D:4      | Reached skill level 5 in Fighting
  2729 | D:4      | Reached skill level 5 in Armour
  2729 | D:4      | Reached skill level 5 in Shields
  3190 | D:4      | Found a staircase to the Ecumenical Temple.
  3198 | Temple   | Entered the Ecumenical Temple
  3267 | Temple   | Became a worshipper of Trog the Wrathful
  3750 | D:3      | Reached * piety under Trog
  3771 | D:3      | Found a hide-covered altar of Uskayaw.
  3783 | D:3      | Found a burning altar of Makhleb.
  3799 | D:3      | Found an iron altar of Okawaru.
  3813 | D:3      | Found a shattered altar of Ashenzari.
  4019 | D:5      | Entered Level 5 of the Dungeon
  4024 | D:5      | Noticed an ice beast
  4036 | D:5      | Killed an ice beast
  4036 | D:5      | Reached XP level 7. HP: 42/61 MP: 4/6
  4459 | D:5      | HP: 4/93 [poisoned by a water moccasin]
  4466 | D:5      | HP: 3/93 [poisoned by a water moccasin]
  4473 | D:5      | HP: 3/93 [poisoned by a water moccasin]
  4481 | D:5      | HP: 2/62 [poisoned by a water moccasin]
  4859 | D:5      | Reached skill level 5 in Maces & Flails
  5068 | D:6      | Found Giulu's Distillery.
  5090 | D:6      | Reached XP level 8. HP: 67/70 MP: 7/7
  5192 | D:6      | Killed from afar by an orc priest

Vault maps used:
D:1:      dpeg_arrival_rooms_b
D:2:      minmay_liquid_box, minmay_misc_feat_five, okawaru_metal_pillars_1_2,
          uniq_crazy_yiuf_cottage, uniq_jessica
D:3:      grunt_temple_overflow_cloverleaf, portal_sewer_entry_b, first_ration,
          minmay_item_behind_shaft
D:4:      minmay_temple_entry_nine_rooms, skrybe_limestone_x,
          grunt_dithmenos_smoke_and_mirrors, uniq_sigmund
D:6:      serial_shops, nicolae_shop_behind_doors, uniq_blork_the_orc
Temple:   dpeg_five_rooms_temple

Skill      XL: |  1  2  3  4  5  6  7  8 |
---------------+-------------------------+-----
Axes           | 3 4 |  4.5
Armour         | 4 5 6 |  6.1
Shields        | 4 5 6 |  6.0
Fighting       | 4 5 6 |  6.0
Slings         | 1 2 3 |  3.5
Maces & Flails | 2 3 5 |  5.7

Action                   |  1- 3 |  4- 6 |  7- 9 || total
-------------------------+-------+-------+-------++-------
Melee: War axe           |    68 |    19 |       ||    87
       Headbutt          |    12 |    16 |    21 ||    49
       Mace              |       |    72 |    47 ||   119
       Flail             |       |       |    28 ||    28
 Fire: Hunting sling     |       |    55 |    13 ||    68
  Use: Scroll            |       |     4 |     5 ||     9
       Potion            |       |     1 |     4 ||     5
  Eat: Chunk             |       |     6 |     2 ||     8
       Ration            |       |     1 |     1 ||     2
Armor: Scale mail        |    34 |    10 |       ||    44
       Acid dragon scale |       |    32 |    26 ||    58
Dodge: Dodged            |    16 |    42 |    40 ||    98
Block: Shield            |    32 |    50 |    57 ||   139

Table legend:
 A = Spawn XP
 B = Non-spawn XP
 C = Spawn XP percentage of total XP
 D = Spawn monster count
 E = Non-spawn monster count
 F = Spawn count percentage of total count
 G = Total turns spent on level
                    A         B        C        D         E        F      G
               +---------+---------+-------+---------+---------+-------+---------
         Total |       0 |    1764 |   0.0 |       0 |     118 |   0.0 |  5192
               +---------+---------+-------+---------+---------+-------+---------
           D:1 |       0 |      38 |   0.0 |       0 |      18 |   0.0 |   591
           D:2 |       0 |     193 |   0.0 |       0 |      29 |   0.0 |  1395
           D:3 |       0 |      79 |   0.0 |       0 |      26 |   0.0 |   759
           D:4 |       0 |     416 |   0.0 |       0 |      17 |   0.0 |  1155
           D:5 |       0 |     666 |   0.0 |       0 |      17 |   0.0 |  1043
           D:6 |       0 |     372 |   0.0 |       0 |      11 |   0.0 |   130
               +---------+---------+-------+---------+---------+-------+---------
